 Dungeon Crawl Stone Soup version 0.30-a0-860-g512cf1e979 (webtiles) character file.

Game seed: 5660685432712133072

13491 ytrimaz the Protected (level 12, -14/105 HPs)
             Began as a Formicid Fighter on Mar 7, 2023.
             Was a High Priest of Okawaru.
             Demolished by an ogre
             ... wielding a +0 giant spiked club
             ... led by Lodul
              (27 damage)
             ... on level 9 of the Dungeon.
             The game lasted 00:13:56 (11288 turns).

ytrimaz the Protected (Formicid Fighter)           Turns: 11288, Time: 00:13:57

Health: -14/105    AC: 13    Str: 22    XL:     12   Next: 33%
Magic:  12/12      EV: 14    Int:  8    God:    Okawaru [*****.]
Gold:   1105       SH:  8    Dex: 17    Spells: 11/11 levels left

rFire   . . .      SeeInvis +    a - +0 war axe (drain)
rCold   . . .      Faith    .    z - +3 buckler {rPois}
rNeg    . . .      Spirit   .    b - +0 scale mail
rPois   +          Reflect  .    (helmet unavailable)
rElec   .          Rampage  .    k - +1 cloak {Stlth+}
rCorr   .                        (no gloves)
Will    +....                    f - +0 pair of boots
Stlth   +                        (no amulet)
HPRegen 0.37/turn                B - +5 ring of evasion
MPRegen 0.13/turn                (no ring)

@: no status effects
A: permanent stasis, dig shafts and tunnels, antennae 3, four strong arms
a: Dig, Shaft Self, Renounce Religion, Heroism, Finesse, Duel


You were on level 9 of the Dungeon.
You worshipped Okawaru.
Okawaru was extremely pleased with you.
You visited 3 branches of the dungeon, and saw 12 of its levels.
You also visited: Sewer.

You collected 1105 gold pieces.


Innate Abilities, Weirdness & Mutations

You cannot be hasted, slowed, berserked, paralysed or teleported.
You can dig through walls and to a lower floor.
You have a pair of large antennae on your head. (SInv)
Your four strong arms can wield two-handed weapons with a shield.


   Skills:
 + Level 13.4 Fighting
 - Level 9.0 Axes
 + Level 13.5 Armour
 - Level 4.5 Shields


You had 11 spell levels left.
You didn't know any spells.
Your spell library contained the following spells:

 Spells                   Type           Power      Damage    Failure   Level
 Magic Dart               Conj           0%         1d3       73%         1
 Mephitic Cloud           Conj/Pois/Air  0%         N/A       97%         3
 Portal Projectile        Hex/Tloc       0%         N/A       97%         3
 Leda's Liquefaction      Hex/Erth       0%         N/A       100%        4
 Blade Hands              Tmut           0%         N/A       100%        5
 Call Imp                 Summ           Unusable   N/A       N/A         2
 Call Canine Familiar     Summ           Unusable   N/A       N/A         3
 Tukima's Dance           Hex            Unusable   N/A       N/A         3

Inventory:

Hand Weapons
 a - a +0 war axe of draining (weapon)
 w - a +5 war axe
   (You took it off a wight on level 6 of the Dungeon)
Missiles
 p - 2 throwing nets
Armour
 b - a +0 scale mail (worn)
 c - a +0 buckler
 f - a +0 pair of boots (worn)
   (You found it on level 1 of the Dungeon)
 k - a +1 cloak of stealth (worn)
   (You found it on level 3 of the Dungeon)
 z - a +3 buckler of poison resistance (worn)
   (You found it on level 7 of the Dungeon)
Jewellery
 B - a +5 ring of evasion (left hand)
   (You found it on level 6 of the Dungeon)
Wands
 t - a wand of digging (6)
   (You found it on level 4 of the Dungeon)
 v - a wand of roots (6)
   (You found it on level 10 of the Dungeon)
 y - a wand of polymorph (9)
   (You took it off an orc warrior on level 8 of the Dungeon)
 D - a wand of mindburst (12)
   (You found it on level 8 of the Dungeon)
Scrolls
 d - a scroll of poison
 i - a scroll of fog
 j - 3 scrolls of fear
 o - a scroll of vulnerability
 q - 3 scrolls of noise
 r - a scroll of amnesia
 C - a scroll of brand weapon
 E - a scroll of magic mapping {unknown}
 F - 2 scrolls of enchant armour
Potions
 e - 7 potions of curing
 g - 3 potions of flight
 h - 2 potions of brilliance
 l - 2 potions of haste {unknown}
 m - 2 potions of invisibility {unknown}
 n - 3 potions of resistance
 s - 2 potions of magic {unknown}
 u - 2 potions of degeneration {unknown}
 x - 2 potions of cancellation {unknown}
 A - a potion of mutation {unknown}
 G - a potion of might

Dungeon Overview and Level Annotations

Branches:
Dungeon (10/15) Zot: 25986  Temple (1/1) D:7 Zot: 5677    Lair (1/5) D:8 Zot: 5998
    Orc (0/2) D:9           Sewer (visited)

Altars:
Ashenzari
Cheibriados
Dithmenos
Elyvilon
Fedhas
Gozag
Hepliaklqana
Kikubaaqudgha
Makhleb
Nemelex Xobeh
Okawaru
Qazlal
Ru
Sif Muna
Trog
Uskayaw
Vehumet
Wu Jian
Xom
Yredelemnul
Zin
The Shining One

Shops:
D:1 *   D:6 :

Annotations:
D:10 Lodul

###...###.......##..
#.....#.......##..
#.....#...........
######.....#...........
#..........###......##.
#............#......##.
#............#.........
#......O.....#.........
###...@......#.........
#..).......#.........
#..........#.........
#.....<....#.........
####.......#......(..
#.......#.........
#...#####.........
#...#.....########
#...#.....#.......


You could see an ogre (drained).


Message History

😮 HP[+1]
The ogre attacks as you move away!
You block the ogre's attack. 😮 HP[+1] 😮 HP[+1] 😮 HP[+1] 😮 HP[+1]
You see here a scroll of blinking. 😮 HP[+1] 😮 HP[+1] 😮 HP[+1] 😮 HP[+1]
There is a stone staircase leading down here. 😮 HP[+1] 😮 HP[+1] 😮 HP[+1] 😮 HP[+1] 😮 HP[+1] 😮 HP[+1] 😕 HP[+1]
There is a stone staircase leading up here.
You hit the ogre.
The ogre hits you but does no damage. 😕 HP[+1]
You slash the ogre!
The ogre hits you with a +0 giant spiked club! 😮 HP[-10]
You take 10 damage, and now have 70/105 hp.
You are too injured to fight recklessly!
You are too injured to fight recklessly!
You are too injured to fight recklessly!
Unknown command.
You closely miss the ogre. 😮 HP[+1] Unknown command.
You hit the ogre. You drain the ogre.
The ogre hits you with a +0 giant spiked club! 😮 HP[-11]
You take 11 damage, and now have 60/105 hp.
You slash the ogre! You barely miss the ogre.
The ogre hits you with a +0 giant club!
* * * LOW HITPOINT WARNING * * *
😨 HP[-13]
You take 13 damage, and now have 47/105 hp.
You slash the ogre!
You kill the ogre!
Okawaru accepts your kill.
You hit the ogre. The ogre barely misses you. 😨 HP[+1]
You hit the ogre but do no damage. You closely miss the ogre. 😨 HP[+1]
You slash the ogre! You hit the ogre. The ogre misses you.
You block the ogre's attack.
You hit the ogre. x2; You drain the ogre.
The ogre hits you with a +0 giant club!
* * * LOW HITPOINT WARNING * * *
You block the ogre's attack. 😨 HP[-8]
You take 8 damage, and now have 41/105 hp.
You slash the ogre! You drain the ogre.
You kill the ogre!
Okawaru accepts your kill.
You slash the ogre! You drain the ogre. 😨 HP[+1]
You hit the ogre. x2
You kill the ogre!
Okawaru accepts your kill. You block the ogre's attack.
You slash the ogre! You drain the ogre. You completely miss the ogre. 😨 HP[+1]
You barely miss the ogre. The ogre misses you.
You slash the ogre! You drain the ogre. You slash the ogre! You drain the ogre.
The ogre misses you. 😨 HP[+1]
You completely miss the ogre. You hit the ogre.
The ogre hits you with a +0 giant spiked club.
* * * LOW HITPOINT WARNING * * *
Electricity crackles from Lodul's apparatus.
The bolt of lightning hits you!!
* * * LOW HITPOINT WARNING * * *
😱 HP[-38]
You take 38 damage, and now have 6/105 hp.
MASSIVE DAMAGE!! (PAUSE)
You block the ogre's attack. x2
You climb upwards.
There is a stone staircase leading down here. 😱 HP[+1] Unknown command.
You feel better. The ogre barely misses you. 😱 HP[+5]
You regained 5 hp, and now have 12/105 hp.
Unknown command.
You hit the ogre but do no damage. You slash the ogre!
You kill the ogre!
Okawaru accepts your kill. 😱 HP[+1] Unknown command.
You hit the ogre but do no damage.
The ogre hits you with a +0 giant spiked club!!
You die...

Skill      XL: |  1  2  3  4  5  6  7  8  9 10 11 12 |
---------------+-------------------------------------+-----
Axes           | 3 4 5 8 9 |  9.0
Fighting       | 5 8 10 12 13 | 13.4
Armour         | 5 8 10 12 13 | 13.5
Shields        | |  4.5

Action                     |  1- 3 |  4- 6 |  7- 9 | 10-12 || total
---------------------------+-------+-------+-------+-------++-------
  Melee: War axe           |    71 |   169 |   220 |   542 ||  1002
 Invoke: Heroism           |       |       |       |     1 ||     1
Ability: Dig               |       |       |       |     1 ||     1
    Use: Scroll            |     2 |     4 |     7 |     5 ||    18
         Potion            |       |     1 |       |     6 ||     7
   Stab: Sleeping          |       |     1 |     1 |     1 ||     3
 Armour: Scale mail        |    32 |    84 |    81 |   180 ||   377
  Dodge: Dodged            |    20 |    86 |    87 |   346 ||   539
  Block: Buckler           |    17 |    55 |    48 |   255 ||   375

Levels and vault maps discovered:
D:1:      roderic_octagonal_star, layout_basic, serial_shops,
          nicolae_shop_hallway_plus, hex_tiny, nicolae_grassy_gnolls
D:2:      layout_loops_ring, basic_ecumenical_altar
D:3:      layout_basic
D:4:      layout_basic, st_stairs_6, uniq_pikel
D:5:      layout_loops_ring, kennysheep_little_box, mainiacjoe_overflow_catwalk,
          uniq_sigmund, uniq_edmund
D:6:      layout_basic, grunt_temple_overflow_diamond,
          cheibrodos_sewer_entry_sluice, hellmonk_bongcloud_opening,
          nicolae_shop_self_help
D:7:      layout_basic, nicolae_gozag_cash_rules_everything_around_me,
          minmay_temple_entry_statues_fountains, minmay_small_thing
D:8:      layout_loops_ring, nicolae_hepliaklqana_hazy_memory,
          grunt_lair_entry_orc_guard_hut
D:9:      layout_irregular_city, nicolae_ru_path_of_blood,
          nicolae_overflow_hidden_temple, erik_orc_4, mrwooster_statue_mirror,
          kennysheep_doodads, minmay_fractal_squares_5, uniq_maggie, uniq_erica
D:10:     layout_loops_ring, chequers_decorated_corner, uniq_urug, uniq_lodul
Temple:   compressed_dpeg_triangle_lava_temple
Lair:1:   layout_cave_pods, basic_altar, grunt_forest_large_clearings

Notes
Turn   | Place    | Note
-------+----------+-------------------------------------------
     0 | D:1      | ytrimaz the Formicid Fighter began the quest for the Orb.
     0 | D:1      | Reached XP level 1. HP: 18/18 MP: 1/1
     0 | D:1      | magus.rc [v1.9.6]
   244 | D:1      | Reached XP level 2. HP: 13/24 MP: 2/2
   371 | D:1      | Reached skill level 3 in Axes
   371 | D:1      | Reached XP level 3. HP: 19/29 MP: 3/3
   447 | D:1      | Found Kuunon's Assorted Antiques.
   992 | D:1      | Identified a scroll of acquirement
  1044 | D:2      | Reached skill level 4 in Axes
  1044 | D:2      | Reached XP level 4. HP: 35/35 MP: 4/4
  1172 | D:2      | You pick up a book of Minor Magic and begin reading...
  1172 | D:2      | You add the spells Magic Dart, Call Imp and Mephitic Cloud
                  | to your library.
  1359 | D:2      | Found a faded altar of an unknown god.
  1591 | D:2      | Reached XP level 5. HP: 41/41 MP: 5/5
  1730 | D:3      | Reached skill level 5 in Axes
  2283 | D:3      | You pick up a book of the Hunter and begin reading...
  2283 | D:3      | You add the spells Call Canine Familiar, Portal Projectile
                  | and Leda's Liquefaction to your library.
  2509 | D:4      | Reached XP level 6. HP: 47/47 MP: 6/6
  2559 | D:4      | Reached skill level 6 in Axes
  2580 | D:4      | HP: 11/47 [gnoll/+0 halberd (10)]
  2581 | D:4      | HP: 2/47 [gnoll/+0 flail (9)]
  2909 | D:4      | Noticed Pikel
  2920 | D:4      | Killed Pikel
  2921 | D:4      | Reached skill level 8 in Axes
  2921 | D:4      | Reached XP level 7. HP: 20/52 MP: 7/7
  2921 | D:4      | Reached XP level 8. HP: 22/58 MP: 8/8
  3135 | D:4      | Reached skill level 9 in Axes
  3433 | D:4      | Reached skill level 4 in Fighting
  3433 | D:4      | Reached skill level 4 in Armour
  3861 | D:5      | Entered Level 5 of the Dungeon
  3960 | D:5      | Noticed Edmund
  3971 | D:5      | Killed Edmund
  3972 | D:5      | Reached skill level 5 in Fighting
  3972 | D:5      | Reached skill level 5 in Armour
  4179 | D:5      | Noticed Sigmund
  4185 | D:5      | Killed Sigmund
  4186 | D:5      | Reached XP level 9. HP: 63/69 MP: 9/9
  4306 | D:5      | Found a shadowy altar of Dithmenos.
  4491 | D:5      | Reached skill level 6 in Fighting
  4491 | D:5      | Reached skill level 6 in Armour
  4617 | D:5      | Found a broken altar of Ashenzari.
  4821 | D:6      | Found Tuexous's Self-Improvement Boutique.
  4832 | D:6      | Acquired 597 gold pieces
  4918 | D:6      | Found a glowing drain.
  4929 | Sewer    | Entered a sewer
  5036 | Sewer    | Found a white marble altar of Elyvilon.
  5279 | D:6      | Reached skill level 7 in Fighting
  5279 | D:6      | Reached skill level 7 in Armour
  5423 | D:6      | You pick up a book of Weapons and begin reading...
  5423 | D:6      | You add the spells Tukima's Dance and Blade Hands to your
                  | library.
  5635 | D:6      | Found a stormy altar of Qazlal.
  5638 | D:6      | Found a burning altar of Makhleb.
  5641 | D:6      | Found an ancient bone altar of Kikubaaqudgha.
  5929 | D:6      | Reached skill level 8 in Armour
  5931 | D:6      | Reached skill level 8 in Fighting
  5936 | D:6      | HP: 14/69 [wight/+0 morningstar (8)]
  5938 | D:6      | Reached XP level 10. HP: 16/76 MP: 10/10
  6425 | D:7      | Found a staircase to the Ecumenical Temple.
  6445 | Temple   | Entered the Ecumenical Temple
  6751 | Temple   | Became a worshipper of Warmaster Okawaru
  6821 | D:7      | Reached skill level 9 in Fighting
  6821 | D:7      | Reached skill level 9 in Armour
  6835 | D:7      | Reached * piety under Okawaru
  6965 | D:7      | Found an opulent altar of Gozag.
  7466 | D:7      | Reached ** piety under Okawaru
  7467 | D:7      | Reached skill level 10 in Fighting
  7467 | D:7      | Reached skill level 10 in Armour
  8266 | D:8      | Reached XP level 11. HP: 84/92 MP: 11/11
  8389 | D:8      | Found a staircase to the Lair.
  8578 | D:8      | Reached skill level 11 in Fighting
  8578 | D:8      | Reached skill level 11 in Armour
  8721 | D:8      | Found a hazy altar of Hepliaklqana.
  8923 | Lair:1   | Entered Level 1 of the Lair of Beasts
  8969 | D:9      | Reached *** piety under Okawaru
  9084 | D:9      | Found a radiant altar of Vehumet.
  9152 | D:9      | Reached **** piety under Okawaru
  9154 | D:9      | HP: 23/95 [yak (5)]
  9160 | D:9      | Found a staircase to the Orcish Mines.
  9564 | D:9      | Reached skill level 12 in Fighting
  9564 | D:9      | Reached skill level 12 in Armour
  9670 | D:9      | Noticed Maggie
  9715 | D:9      | Killed Maggie
  9863 | D:9      | Noticed Erica
  9882 | D:9      | Killed Erica
  9882 | D:9      | Reached ***** piety under Okawaru
 10094 | D:9      | Found a sacrificial altar of Ru.
 10287 | D:10     | Entered Level 10 of the Dungeon
 10338 | D:10     | Noticed Urug
 10355 | D:10     | HP: 19/96 [Urug/+1 great sword of holy wrath (11)]
 10363 | D:10     | Killed Urug
 10363 | D:10     | Received a gift from Okawaru
 10532 | D:10     | Reached XP level 12. HP: 103/103 MP: 12/12
 10687 | D:10     | Reached skill level 13 in Fighting
 10687 | D:10     | Reached skill level 13 in Armour
 11216 | D:10     | Noticed Lodul
 11283 | D:10     | HP: 6/105 [Lodul/bolt of lightning (34)]
 11288 | D:9      | Demolished by an ogre

Vanquished Creatures
  Erica (D:9)
  Urug (D:10)
  Pikel (D:4)
  Maggie (D:9)
  3 trolls
  3 hornets
  Sigmund (D:5)
  3 slime creatures (D:10)
  A wraith (D:7)
  A human (D:9)
  19 yaks
  4 vampire mosquitoes (D:7)
  Edmund (D:5)
  3 water moccasins
  4 black bears
  An ice beast (D:7)
  7 orc warriors
  6 ogres
  3 centaurs
  A phantom (D:4)
  A lemure (D:4)
  4 kobold brigands
  8 bullfrogs
  4 scorpions
  2 gnoll sergeants (D:9)
  16 wights
  12 killer bees
  3 howler monkeys
  7 hounds
  2 jellies
  A gnoll bouda (D:7)
  11 orc priests
  2 iguanas
  A sleepcap (D:7)
  7 orc wizards
  13 gnolls
  10 adders
  A river rat (Sewer)
  2 shadow imps (D:6)
  A white imp (D:6)
  7 worms
  4 dart slugs
  38 orcs
  12 ball pythons
  6 bats
  10 endoplasms
  3 giant cockroaches
  11 goblins
  10 hobgoblins
  3 jackals
  6 quokkas
  2 frilled lizards (D:1)
  10 kobolds
  6 rats
301 creatures vanquished.

Vanquished Creatures (others)
  10 fungi (D:8)
  26 plants
36 creatures vanquished.

Grand Total: 337 creatures vanquished

Table legend:
 A = Non-vault XP
 B = Vault XP
 C = Vault XP percentage of total XP
 D = Non-vault monster count
 E = Vault monster count
 F = Vault count percentage of total count
                 A         B        C        D         E       F
            +---------+---------+-------+---------+---------+-------
      Total |   13397 |    5876 |  30.5 |     244 |      56 |  18.7
            +---------+---------+-------+---------+---------+-------
        D:1 |      50 |      14 |  21.9 |      29 |       1 |   3.3
        D:2 |      75 |       0 |   0.0 |      14 |       0 |   0.0
        D:3 |      91 |       0 |   0.0 |      21 |       0 |   0.0
        D:4 |     681 |     631 |  48.1 |      34 |       2 |   5.6
        D:5 |     400 |     388 |  49.2 |      15 |       2 |  11.8
        D:6 |    1567 |       9 |   0.6 |      29 |       3 |   9.4
        D:7 |    2340 |     506 |  17.8 |      34 |       2 |   5.6
        D:8 |    1239 |     591 |  32.3 |      22 |       5 |  18.5
        D:9 |    3499 |    2369 |  40.4 |      24 |      25 |  51.0
       D:10 |    3455 |    1150 |  25.0 |      22 |       4 |  15.4
      Sewer |       0 |     218 | 100.0 |       0 |      12 | 100.0
            +---------+---------+-------+---------+---------+-------

Illustrated notes

Table legend:
 A = Kills in this place as a percentage of kills in the entire game.
 B = Kills by you in this place as a percentage of kills by you in the entire game.
 C = Kills by friends in this place as a percentage of kills by friends in the entire game.
 D = Other kills in this place as a percentage of other kills in the entire game.
 E = Experience gained in this place as a percentage of experience gained in the entire game.
 F = Experience gained in this place divided by the number of levels of this place that you have seen.
                   A       B       C       D       E      F
               +-------+-------+-------+-------+-------+----------------------
         Total | 100.0 | 100.0 |   N/A |   N/A | 100.0 | 1482.5
       Dungeon |  96.0 |  96.0 |   N/A |   N/A |  98.9 | 1905.5
         Sewer |   4.0 |   4.0 |   N/A |   N/A |   1.1 | 218.0
               +-------+-------+-------+-------+-------+----------------------

Table legend: (Time is in decaauts)
 A = Elapsed time spent in this place.
 B = Non-inter-level travel time spent in this place.
 C = Inter-level travel time spent in this place.
 D = Time resting spent in this place.
 E = Time spent auto-exploring this place.
 F = Levels seen in this place.
 G = Mean time per level.
                   A        B        C        D        E       F      G
               +--------+--------+--------+--------+--------+-----+--------+
         Total |  11439 |  11086 |    353 |    256 |   8566 |  13 |  879.9 |
       Dungeon |  10937 |  10599 |    338 |    256 |   8153 |  10 | 1093.7 |
        Temple |    322 |    307 |     15 |      0 |    287 |   1 |  322.0 |
          Lair |      1 |      1 |      0 |      0 |      0 |   1 |    1.0 |
         Sewer |    177 |    177 |      0 |      0 |    125 |   1 |  177.0 |
               +--------+--------+--------+--------+--------+-----+--------+

Top non-repeatable levels by time:
     D:6: 1426 daAuts
     D:4: 1394 daAuts
     D:9: 1338 daAuts
     D:7: 1297 daAuts
     D:1: 1063 daAuts
    D:10: 1009 daAuts
     D:8: 994 daAuts
     D:5: 937 daAuts
     D:3: 818 daAuts
     D:2: 657 daAuts
  Temple: 322 daAuts
   Sewer: 177 daAuts
  Lair:1: 1 daAuts
